 Dungeon Crawl Stone Soup version 0.30-a0-591-g3c58d2bc28 (webtiles) character file.

Game seed: 17514234926992785980

10406 Newt the Nimble (level 11, -1/94 HPs)
             Began as a Demonspawn Gladiator on Jan 5, 2023.
             Was a Believer of Wu Jian.
             Slain by a slime creature (13 damage)
             ... in an ice cave.
             The game lasted 00:14:22 (15488 turns).

Newt the Nimble (Demonspawn Gladiator)             Turns: 15488, Time: 00:14:22

Health: -1/94      AC:  7    Str: 19    XL:     11   Next: 35%
Magic:  11/11      EV: 21    Int:  9    God:    Wu Jian [**....]
Gold:   550        SH:  4    Dex: 15    Spells: 10/10 levels left

rFire   . . .      SeeInvis .      - Unarmed
rCold   . . .      Faith    .    (no shield)
rNeg    + . .      Spirit   .    z - +0 steam dragon scales
rPois   .          Reflect  .    (helmet restricted)
rElec   .          Harm     .    h - +0 cloak
rCorr   .          Rampage  .    (no gloves)
Will    .....                    (no boots)
Stlth   ++                       (no amulet)
HPRegen 0.35/turn                w - ring of positive energy
MPRegen 0.12/turn                A - +5 ring of evasion

@: no status effects
A: claws 2, large bone plates 1, demonic guardian 2, foul stench 1, robust 1,
horns 1, talons 1
a: Renounce Religion, Wall Jump


You were in an ice cave.
You worshipped Wu Jian.
Wu Jian was pleased with you.
You visited 3 branches of the dungeon, and saw 12 of its levels.
You also visited: Ice Cave.

You collected 550 gold pieces.

Inventory:

Hand Weapons
 a - a +0 spectral rapier
 l - the +3 mace "Sip Daru" {flame, rF+}
   (You found it on level 3 of the Dungeon)

   rF:        It protects you from fire.
Missiles
 i - a javelin
 o - 50 stones (quivered)
 r - 2 throwing nets
Armour
 b - a +0 leather armour
 c - a +1 helmet
 h - a +0 cloak (worn)
 z - +0 steam dragon scales (worn)
Jewellery
 g - a ring of magical power
 w - a ring of positive energy (left claw)
 A - a +5 ring of evasion (right claw)
 B - a ring of willpower
Wands
 y - a wand of mindburst (13)
 C - a wand of quicksilver (6)
 D - a wand of charming (10)
 F - a wand of flame (11)
Scrolls
 k - 2 scrolls of silence
 q - a scroll of teleportation
 v - 3 scrolls of fog
 x - a scroll of magic mapping
 H - 2 scrolls of identify
Potions
 d - a potion of mutation
 e - 2 potions of haste
 f - a potion of degeneration
 j - a potion of ambrosia
 m - a potion of attraction
 n - a potion of magic
 p - a potion of invisibility {unknown}
 s - 4 potions of might
 t - 2 potions of lignification
 u - 2 potions of heal wounds {unknown}
 E - 2 potions of curing
 G - a potion of resistance {unknown}


   Skills:
 - Level 8.0 Fighting
 - Level 4.0 Short Blades
 - Level 6.0 Throwing
 - Level 6.0 Armour
 - Level 8.0 Dodging
 - Level 2.0 Stealth
 + Level 7.9 Unarmed Combat
 - Level 5.0 Evocations


You had 10 spell levels left.
You didn't know any spells.
Your spell library contained the following spells:

 Spells                   Type           Power      Damage    Failure   Level
 Summon Small Mammal      Summ           0%         N/A       38%         1
 Call Canine Familiar     Summ           0%         N/A       77%         3
 Summon Guardian Golem    Hex/Summ       0%         N/A       77%         3


Dungeon Overview and Level Annotations

Branches:
Dungeon (10/15)            Temple (1/1) D:6            Lair (1/5) D:9
  IceCv (1/1)
    Orc: D:9-12

Altars:
Ashenzari
Cheibriados
Dithmenos
Fedhas
Gozag
Hepliaklqana
Kikubaaqudgha
Makhleb
Nemelex Xobeh
Okawaru
Qazlal
Ru
Sif Muna
Trog
Uskayaw
Wu Jian
Xom
Yredelemnul

Shops:
D:6 *

Annotations:
IceCv exclusion: ice statue


Innate Abilities, Weirdness & Mutations

You have very sharp fingernails.
You are partially covered in large bone plates. (SH +4)
A demonic guardian rushes to your aid.
You may rarely emit foul miasma when damaged in melee.
You are robust. (+10% HP)
You have a pair of small horns on your head.
You have sharp toenails.


Message History

The slime creature is moderately wounded.
The slime creature misses you. The slime creature barely misses you.
The slime creature misses you. The slime creature closely misses you.
You spin and attack the slime creature.
You claw the slime creature! You claw the slime creature. x2
The slime creature is moderately wounded.
The slime creature misses you.
Two slime creatures merge to form a large slime creature.
You scratch the slime creature. Your kick misses the slime creature.
You headbutt the slime creature. You claw the slime creature!
The slime creature is almost dead.
The slime creature hits you!
You claw the slime creature!
You kill the slime creature!
The Council accepts your kill.
The slime creature hits you but does no damage.
A large slime creature splits.
You claw the slime creature! You headbutt the slime creature.
The slime creature is heavily wounded.
The slime creature hits you!! The slime creature barely misses you.
You scratch the slime creature but do no damage.
You claw the slime creature.
Your headbutt misses the slime creature.
The slime creature is heavily wounded.
The slime creature closely misses you. The slime creature misses you.
The slime creature hits you!
You claw the slime creature! You claw the slime creature.
You headbutt the slime creature.
The slime creature is almost dead.
The slime creature hits you but does no damage.
The slime creature hits you!
* * * LOW HITPOINT WARNING * * *
The slime creature hits you but does no damage.
You mangle the slime creature!!
You kill the slime creature!
The Council accepts your kill. The slime creature hits you!
* * * LOW HITPOINT WARNING * * *
A demonic guardian appears!
The slime creature hits you!
You die...

#...##..#
#..## #..#
#∩∩.....#
#..# ##..
#...##..#
#..## #..
##.####.##
#...# #..
### #..#
##..###
#..# #....#
##.##
##.4.# #..#
#JJ.# #..##
##@.#
##..## #..#
#...####..#
##...##...#
##..#....#
#.......#
#......##
##.....#
##...##


You could see 2 slime creatures and a friendly hellwing (summoned).

Vanquished Creatures
  A quicksilver ooze (IceCv)
  A deep elf pyromancer (D:8)
  An unseen horror (D:8)
  2 rime drakes (Lair:1)
  A hornet (D:9)
  3 slime creatures (IceCv)
  4 wyverns
  7 yaks
  2 basilisks
  4 steam dragons
  6 water moccasins
  2 orc warriors
  A great orb of eyes simulacrum (IceCv)
  3 ice beasts
  5 black bears
  A wolf (D:9)
  2 centaurs (D:9)
  A slime creature simulacrum (IceCv)
  2 phantoms
  3 kobold brigands
  3 bullfrogs
  A glowing shapeshifter simulacrum (IceCv)
  A gnoll sergeant (D:7)
  5 scorpions
  8 wights
  9 killer bees
  An electric eel (D:9)
  2 howler monkeys (D:8)
  2 jellies
  7 orc priests
  A hound (D:5)
  6 orc wizards
  2 iguanas
  2 shapeshifter simulacra (IceCv)
  12 gnolls
  5 adders
  A shadow imp (D:6)
  2 ufetubi
  4 dart slugs
  26 orcs
  9 ball pythons
  9 bats
  7 endoplasms
  5 giant cockroaches
  3 goblins
  7 hobgoblins
  8 jackals
  2 quokkas
  3 frilled lizards
  10 kobolds
  4 rats
219 creatures vanquished.

Vanquished Creatures (collateral kills)
  Sigmund (D:2)
  2 yaks (D:9)
  A steam dragon (D:6)
  A black bear (D:9)
  An ogre (D:4)
  A wolf (D:9)
  A killer bee (D:7)
  A ball python (D:1)
  A goblin (D:1)
  A jackal (D:1)
  A kobold (D:4)
12 creatures vanquished.

Vanquished Creatures (others)
  4 fungi (D:9)
  9 plants
13 creatures vanquished.

Grand Total: 244 creatures vanquished

Notes
Turn   | Place    | Note
-------+----------+-------------------------------------------
     0 | D:1      | Newt the Demonspawn Gladiator began the quest for the Orb.
     0 | D:1      | Reached XP level 1. HP: 16/16 MP: 1/1
    16 | D:1      | Reached skill level 1 in Stealth
   209 | D:1      | Gained mutation: A weak demonic guardian rushes to your
                  | aid. [demonic ancestry]
   209 | D:1      | Reached XP level 2. HP: 20/22 MP: 2/2
   646 | D:1      | Reached XP level 3. HP: 25/28 MP: 3/3
  1058 | D:2      | Noticed Sigmund
  2309 | D:2      | Killed Sigmund
  2310 | D:2      | Gained mutation: You may rarely emit foul miasma when
                  | damaged in melee. [demonic ancestry]
  2310 | D:2      | Reached XP level 4. HP: 9/37 MP: 4/4
  2310 | D:2      | Gained mutation: A demonic guardian rushes to your aid.
                  | [demonic ancestry]
  2310 | D:2      | Reached XP level 5. HP: 10/42 MP: 5/5
  2786 | D:2      | Found a bloodstained altar of Trog.
  3108 | D:3      | Gained mutation: You have a pair of small horns on your
                  | head. [potion of mutation]
  3108 | D:3      | Gained mutation: You have sharp toenails. [potion of
                  | mutation]
  3144 | D:3      | Gained mutation: You have sharp fingernails. [demonic
                  | ancestry]
  3144 | D:3      | Reached XP level 6. HP: 36/48 MP: 6/6
  3305 | D:3      | Found a bloodstained altar of Trog.
  3335 | D:3      | Identified the +3 mace "Sip Daru" {flame, rF+}
  4157 | D:4      | Found a shadowy altar of Dithmenos.
  4268 | D:4      | Reached skill level 1 in Armour
  4410 | D:4      | Gained mutation: You have very sharp fingernails. [demonic
                  | ancestry]
  4410 | D:4      | Reached XP level 7. HP: 43/54 MP: 7/7
  4469 | D:4      | Found a hide-covered altar of Uskayaw.
  4718 | D:4      | Found a basalt altar of Yredelemnul.
  4875 | D:4      | Found a sparkling altar of Nemelex Xobeh.
  5103 | D:5      | Entered Level 5 of the Dungeon
  5399 | D:5      | Gained mutation: You are partially covered in large bone
                  | plates. (SH +4) [demonic ancestry]
  5399 | D:5      | Reached XP level 8. HP: 60/60 MP: 8/8
  5403 | D:5      | Found a sacrificial altar of Ru.
  6471 | D:5      | Reached skill level 5 in Unarmed Combat
  6923 | D:6      | Found a staircase to the Ecumenical Temple.
  7206 | D:6      | Reached skill level 5 in Fighting
  7486 | Temple   | Entered the Ecumenical Temple
  7607 | Temple   | Became a worshipper of the Wu Jian Council
  7716 | D:6      | Found a hazy altar of Hepliaklqana.
  7943 | D:6      | Found a stormy altar of Qazlal.
  8050 | D:6      | Found Amuadasm's Gadget Gallery.
  8311 | D:7      | Gained mutation: You are robust. (+10% HP) [demonic
                  | ancestry]
  8311 | D:7      | Reached XP level 9. HP: 62/75 MP: 9/9
  8399 | D:7      | Found an opulent altar of Gozag.
  8521 | D:7      | Reached skill level 5 in Dodging
  9054 | D:7      | Reached * piety under Wu Jian
  9460 | D:8      | Reached skill level 1 in Evocations
  9806 | D:8      | Killed an unseen horror
 10282 | D:8      | Reached XP level 10. HP: 83/83 MP: 10/10
 10658 | D:8      | Found a shimmering altar of Xom.
 11032 | D:8      | Noticed a deep elf pyromancer
 11045 | D:8      | Killed a deep elf pyromancer
 11046 | D:8      | Reached skill level 5 in Evocations
 11382 | D:9      | Found an ancient bone altar of Kikubaaqudgha.
 11382 | D:9      | Found a broken altar of Ashenzari.
 11581 | D:9      | Reached skill level 5 in Armour
 11660 | D:9      | Reached ** piety under Wu Jian
 11942 | D:9      | Found a staircase to the Lair.
 13189 | D:9      | Reached skill level 5 in Throwing
 13402 | D:10     | Entered Level 10 of the Dungeon
 13416 | Lair:1   | Entered Level 1 of the Lair of Beasts
 13450 | D:9      | HP: 3/88 [yak (11)]
 13458 | D:9      | Reached XP level 11. HP: 16/94 MP: 11/11
 13842 | Lair:1   | Found a frozen archway.
 13882 | IceCv    | Entered an ice cave
 14844 | IceCv    | Noticed a quicksilver ooze
 14854 | IceCv    | Killed a quicksilver ooze
 15488 | IceCv    | Slain by a slime creature

Illustrated notes

Levels and vault maps discovered:
D:1:      dpeg_arrival_tiny_a, layout_loops_ring, serial_bayou_pond_a,
          minmay_shallow_snake_nest
D:2:      layout_rooms, basic_altar, uniq_sigmund
D:3:      layout_loops_ring, mainiacjoe_overflow_24_doors
D:4:      nicolae_cairo_tiling_very_big, layout_basic,
          nicolae_overflow_hidden_temple, lemuel_crystal_altar,
          mainiacjoe_overflow_brackets
D:5:      layout_loops_corners, hangedman_ru_absence, serial_rivers,
          chequers_serial_rivers_marsh, chequers_serial_rivers_small_a,
          chequers_serial_rivers_micro_d, chequers_serial_rivers_room_a,
          palyth_stone_intersect, corexii_item_surrounded_by_moat,
          grunt_ministairs_3, hangedman_abyss_or_decor_stabs,
          hangedman_decor_opposing
D:6:      layout_loops_ring, nzn_hepliaklqana_mist_gate, grunt_qazlal_clouds,
          minmay_temple_entry_statues_fountains, nicolae_shop_gadgets
D:7:      layout_loops_ring, mainiacjoe_overflow_surrounded_room
D:8:      layout_layer_cave, lemuel_crystal_altar
D:9:      layout_stronghold, mainiacjoe_overflow_catch_the_wave,
          minmay_lair_entry_grove, kennysheep_minor_cross
D:10:     layout_cave_pools, vehumet_crystals, serial_gnoll_camp,
          gnoll_camp_mini_doghouse, gnoll_camp_mini_house,
          gnoll_camp_mini_sergeant, gnoll_camp_medium_02,
          minmay_gold_behind_fungi, minivault_19
Temple:   hellmonk_temple_beads
Lair:1:   minmay_lair_oklob_tunnel, layout_layer_cave, portal_ice_cave_rime,
          serial_bayou_shore_a
IceCv:    ice_cave_hellmonk_azure_passage

Skill      XL: |  1  2  3  4  5  6  7  8  9 10 11 |
---------------+----------------------------------+-----
Stealth        | 1 2 |  2.0
Fighting       | 4 6 8 |  8.0
Throwing       | 3 5 6 |  6.0
Dodging        | 3 4 8 |  8.0
Short Blades   | 3 4 |  4.0
Armour         | 2 4 6 |  6.0
Unarmed Combat | 3 6 7 |  7.9
Evocations     | 4 5 |  5.0

Action                   |  1- 3 |  4- 6 |  7- 9 | 10-12 || total
-------------------------+-------+-------+-------+-------++-------
Melee: Rapier            |   152 |    74 |    57 |       ||   283
       Punch             |     1 |     2 |    13 |    17 ||    33
       Kick              |       |    13 |    82 |   108 ||   203
       Headbutt          |       |       |    56 |    64 ||   120
       Unarmed           |       |       |   215 |   303 ||   518
Throw: Stone             |     6 |       |     2 |     4 ||    12
       Throwing net      |     3 |       |       |       ||     3
       Javelin           |     1 |       |       |       ||     1
Invok: Lunge             |       |       |    18 |    11 ||    29
       Whirlwind         |       |       |       |    20 ||    20
  Use: Potion            |     2 |     1 |     1 |     6 ||    10
       Scroll            |       |    11 |     1 |     8 ||    20
 Stab: Sleeping          |     2 |     5 |     6 |     1 ||    14
       Held in net/web   |     1 |       |       |       ||     1
       Distracted        |       |     1 |     4 |       ||     5
Armor: Leather armour    |    60 |    24 |    13 |       ||    97
       Steam dragon scal |       |       |    16 |    52 ||    68
       Skin              |       |       |     1 |     2 ||     3
Dodge: Dodged            |   114 |    51 |   157 |   347 ||   669
Block: Other             |       |       |    29 |    57 ||    86

Table legend: (Time is in decaauts)
 A = Elapsed time spent in this place.
 B = Non-inter-level travel time spent in this place.
 C = Inter-level travel time spent in this place.
 D = Time resting spent in this place.
 E = Time spent auto-exploring this place.
 F = Levels seen in this place.
 G = Mean time per level.
                   A        B        C        D        E       F      G
               +--------+--------+--------+--------+--------+-----+--------+
         Total |  15451 |  15190 |    261 |   6292 |   7210 |  13 | 1188.5 |
       Dungeon |  13490 |  13281 |    209 |   4741 |   7103 |  10 | 1349.0 |
        Temple |    152 |    100 |     52 |      0 |     91 |   1 |  152.0 |
          Lair |    223 |    223 |      0 |    114 |      0 |   1 |  223.0 |
      Ice Cave |   1585 |   1585 |      0 |   1437 |     16 |   1 | 1585.0 |
               +--------+--------+--------+--------+--------+-----+--------+

Top non-repeatable levels by time:
     D:8: 2397 daAuts
     D:1: 2262 daAuts
     D:5: 2082 daAuts
     D:9: 1798 daAuts
   IceCv: 1585 daAuts
     D:7: 1209 daAuts
     D:3: 1025 daAuts
     D:4: 981 daAuts
     D:6: 878 daAuts
     D:2: 853 daAuts
  Lair:1: 223 daAuts
  Temple: 152 daAuts
    D:10: 1 daAuts
